 Seeded DCSS version 0.30-a0-1066-g63dfefce0d (webtiles) character file.

Game seed: 13212868367897651610 (custom seed)

114 Hubris850 the Grave Robber (level 4, 0/30 HPs)
             Began as a Vampire Necromancer on Apr 12, 2023.
             Slain by an ufetubus (4 damage)
             ... on level 4 of the Dungeon.
             The game lasted 00:06:30 (2857 turns).

Hubris850 the Grave Robber (Vampire Necromancer)    Turns: 2857, Time: 00:06:31

Health: 0/30       AC:  4    Str: 16    XL:     4   Next: 67%
Magic:  1/7        EV: 13    Int: 17    God:
Gold:   176        SH:  0    Dex: 16    Spells: 2/7 levels left

rFire   . . .      SeeInvis +    k - +6 dagger of the Endless Knives {pain, Contam rElec Will+ Str+3}
rCold   . . .      Faith    .    (no shield)
rNeg    . . .      Spirit   .    a - +0 robe
rPois   .          Reflect  .    (no helmet)
rElec   +          Rampage  .    c - +1 cloak
rCorr   .                        (no gloves)
Will    +....                    (no boots)
Stlth   +++                      (no amulet)
HPRegen 0.45/turn                h - +6 ring of strength
MPRegen 0.10/turn                (no ring)

@: healing quickly
A: alive, fangs 3, see invisible, vampiric 2
a: Exsanguinate


You were on level 4 of the Dungeon.
You visited 1 branch of the dungeon, and saw 4 of its levels.

You collected 176 gold pieces.

Inventory:

Hand Weapons
 d - a +0 dagger
 k - the +6 dagger of the Endless Knives (weapon) {pain, Contam rElec Will+ Str+3}
   (You found it on level 2 of the Dungeon)

   Str:       It affects your strength (+3).
   rElec:     It insulates you from electricity.
   Contam:    It causes magical contamination when unequipped.
   Will:      It increases your willpower.
Missiles
 o - 5 poisoned darts
Armour
 a - a +0 robe (worn)
 c - a +1 cloak (worn)
Jewellery
 h - a +6 ring of strength (left hand)
Scrolls
 e - 2 scrolls of teleportation {unknown}
 f - 2 scrolls of enchant weapon {unknown}
 j - 3 scrolls of identify {unknown}
 l - a scroll of magic mapping {unknown}
 m - a scroll of vulnerability {unknown}
 p - a scroll of immolation {unknown}
Potions
 b - a potion of magic
 g - 2 potions of cancellation {unknown}
 i - a potion of haste {unknown}
 n - a potion of curing {unknown}


   Skills:
 + Level 1.9 Short Blades
 + Level 3.2 Dodging
 - Level 4.0 Stealth
 - Level 2.0 Spellcasting
 - Level 2.0 Hexes
 - Level 4.4 Necromancy
 + Level 1.2 Transmutations
 - Level 1.0 Ice Magic
 - Level 1.0 Earth Magic


You had 2 spell levels left.
You knew the following spells:

 Your Spells              Type           Power      Damage    Failure   Level
a - Necrotise             Necr           64%        1d7       3%          1
b - Ensorcelled Hibernat  Hex/Ice        12%        N/A       16%         2
c - Passwall              Tmut/Erth      4%         N/A       19%         2

Your spell library contained the following spells:

 Spells                   Type           Power      Damage    Failure   Level
 Shock                    Conj/Air       4%         1d3       19%         1
 Vampiric Draining        Necr           16%        2d7       10%         3
 Animate Dead             Necr           16%        N/A       30%         4
 Swiftness                Air            1%         N/A       50%         3
 Agony                    Necr           16%        N/A       65%         5
 Airstrike                Air            0%         2d(1-17)  88%         4


Dungeon Overview and Level Annotations

Branches:
Dungeon (4/15)
 Temple: D:4-7

Altars:
Trog


Innate Abilities, Weirdness & Mutations

Your natural rate of healing is accelerated.
You have razor-sharp teeth.
You have supernaturally acute eyesight. (SInv)
You are afflicted with vampirism and can become a bat while bloodless.


Message History

The gnoll closely misses you. The ufetubus barely misses you. x2
The gnoll writhes in agony!
You kill the gnoll!
The dead are walking!
The ufetubus barely misses you. The ufetubus closely misses you.
A gnoll comes into view. It is wielding a +0 whip.
The gnoll hits you but does no damage. The gnoll barely misses you.
The ufetubus closely misses you.
The ufetubus hits you but does no damage.
Your Transmutations skill increases to level 1!
The ufetubus is unaffected.
The gnoll misses you. The gnoll barely misses you.
The gnoll hits you but does no damage. The ufetubus misses you.
The ufetubus hits you.
The ufetubus is unaffected.
The ufetubus closely misses you. The ufetubus misses you.
The gnoll closely misses you. x2
The gnoll hits you with a +0 flail of protection.
Your gnoll skeleton hits the gnoll.
The ufetubus barely misses you. The ufetubus hits you.
The gnoll attacks as you move away!
The gnoll hits you with a +0 flail of protection!
* * * LOW HITPOINT WARNING * * *
The gnoll attacks as you move away! The gnoll closely misses you.
You hit the gnoll.
The gnoll is heavily wounded.
The gnoll attacks as you move away! The gnoll barely misses you.
Your gnoll skeleton closely misses the gnoll.
Something hits your gnoll skeleton! The gnoll attacks as you move away!
The gnoll hits you with a +0 flail!
* * * LOW HITPOINT WARNING * * *
There is an open door here.
You puncture the gnoll!
You kill the gnoll!
The ufetubus completely misses you.
The ufetubus hits you but does no damage.
Training target 1.0 for Earth Magic reached!
Your Earth Magic skill increases to level 1!
You hit the ufetubus.
The ufetubus is moderately wounded.
The ufetubus hits you.
You die...

#..... #.....
.... ... #.
#.# #.
#.###########
#.
#..)........#
#.
#.#########.#.
#. #@#
#.#.###.
###5###
#.#...#.
#..g..#
#.#.....
#..g..#
#.#...#.
#...g.#
#.#.#...
#.....#
#.#.###.
###.###
#.#...)<
##...#
#.######
#..###
#...[...


You could see 3 gnolls and an ufetubus.

Vanquished Creatures
  2 gnolls (D:4)
  3 adders (D:3)
  2 worms
  2 orcs
  4 endoplasms
  A giant cockroach (D:1)
  4 goblins
  6 hobgoblins
  A quokka (D:3)
  7 ball pythons
  8 bats
  4 frilled lizards
  11 kobolds
  6 rats
61 creatures vanquished.

Vanquished Creatures (collateral kills)
  A giant cockroach (D:1)
1 creature vanquished.

Grand Total: 62 creatures vanquished

Notes
Turn   | Place    | Note
-------+----------+-------------------------------------------
     0 | D:1      | Hubris850 the Vampire Necromancer began the quest for the
                  | Orb.
     0 | D:1      | Reached XP level 1. HP: 13/13 MP: 3/3
   169 | D:1      | Reached XP level 2. HP: 12/19 MP: 5/5
   257 | D:1      | Reached skill level 1 in Short Blades
   369 | D:1      | Learned a level 2 spell: Ensorcelled Hibernation
  1102 | D:2      | Identified the +6 dagger of the Endless Knives {pain,
                  | Contam rElec Will+ Str+3}
  1127 | D:2      | Gained mutation: You are afflicted with vampirism and can
                  | become a bat while bloodless. [Vampire growth]
  1127 | D:2      | Reached XP level 3. HP: 24/24 MP: 6/6
  1708 | D:2      | Learned a level 2 spell: Passwall
  1804 | D:3      | Reached skill level 1 in Hexes
  2190 | D:3      | Reached XP level 4. HP: 30/30 MP: 7/7
  2286 | D:3      | Reached skill level 1 in Ice Magic
  2473 | D:3      | Found a bloodstained altar of Trog.
  2845 | D:4      | Reached skill level 1 in Transmutations
  2851 | D:4      | HP: 1/30 [gnoll/+0 flail (9)]
  2857 | D:4      | Reached skill level 1 in Earth Magic
  2857 | D:4      | Slain by an ufetubus

Illustrated notes

Levels and vault maps discovered:
D:1:      lightli_arrival_noodles, layout_loops_ring, minmay_split_cup_small
D:2:      layout_basic, minmay_misc_feat_rows, nrook_campfire
D:3:      layout_loops_corners, lightli_temple_of_fire, minmay_misc_feat_alley
D:4:      layout_basic, uniq_pikel, uniq_sigmund

Skill      XL: |  1  2  3  4 |
---------------+-------------+-----
Short Blades   | 1 |  1.9
Stealth        | 4 |  4.0
Hexes          | 1 2 |  2.0
Dodging        | 3 |  3.2
Ice Magic      | 1 |  1.0
Transmutations | 1 |  1.2
Earth Magic    | 1 |  1.0
Spellcasting   | |  2.0
Necromancy     | |  4.4

Action                     |  1- 3 |  4- 6 || total
---------------------------+-------+-------++-------
  Melee: Dagger            |    78 |    16 ||    94
         Bite              |    10 |       ||    10
         Unarmed           |     4 |       ||     4
         Punch             |     1 |       ||     1
   Cast: Necrotise         |    27 |     9 ||    36
   Stab: Sleeping          |     7 |     8 ||    15
         Distracted        |     1 |       ||     1
 Armour: Robe              |    24 |     5 ||    29
  Dodge: Dodged            |    66 |    21 ||    87

Table legend: (Time is in decaauts)
 A = Elapsed time spent in this place.
 B = Non-inter-level travel time spent in this place.
 C = Inter-level travel time spent in this place.
 D = Time resting spent in this place.
 E = Time spent auto-exploring this place.
 F = Levels seen in this place.
 G = Mean time per level.
                   A        B        C        D        E       F      G
               +--------+--------+--------+--------+--------+-----+--------+
         Total |   2849 |   2707 |    142 |      0 |   2268 |   4 |  712.2 |
       Dungeon |   2849 |   2707 |    142 |      0 |   2268 |   4 |  712.2 |
               +--------+--------+--------+--------+--------+-----+--------+

Top non-repeatable levels by time:
     D:3: 1003 daAuts
     D:1: 964 daAuts
     D:2: 807 daAuts
     D:4: 73 daAuts
